AoeStats
← Reis

Nomad

509885426Analyzed
4v4 RM · 4d ago on Sep 28, 2026· 42m 39s· 8 players
Game mode
Random Map
Map size
231×231
Population
200
Speed
Normal
Resources
Standard
Victory
Conquest
Starting age
Dark Age
Ending age
Imperial Age
RankedLock teamsTeams togetherTeam positionsShared explorationLock speedFull tech treeHidden civsTurbo modeCheats
Victory
Defeat
🇨🇳 Armenians · China
1368
+12
🇨🇳 Dravidians · China
1291
+15
🇨🇳 Slavs · China
1282
+16
🇨🇳 Chinese · China
1281
+16
🇹🇼 Danes · Taiwan
1315
-17
🇨🇭 Bulgarians · Switzerland
1263
-14
🇹🇼 Malians · Taiwan
1262
-14
🇹🇼 Muisca · Taiwan
1256
-14
JIANG
4:59 Loom
16:50 Feudal Age
17:39 Double-Bit Axe
22:12 Castle Age
20:53 Fishing Lines
21:50 Padded Archer Armor
21:41 Fletching
22:31 Wheelbarrow
23:26 Gillnets
24:42 Bodkin Arrow
26:25 Thumb Ring
30:19 Horse Collar
31:13 Medical Corps
34:10 Leather Archer Armor
33:57 Town Watch
34:41 Hand Cart
40:16 Imperial Age
37:55 Scale Barding Armor
38:12 Husbandry
39:15 Ballistics
39:05 Masonry
41:38 Conscription
_LY_purplered
8:45 Loom
12:43 Feudal Age
15:28 Stone Mining
15:25 Double-Bit Axe
15:21 Horse Collar
20:03 Castle Age
26:56 Forging
26:38 Fletching
Vic
5:56 Loom
12:36 Feudal Age
19:42 Castle Age
19:13 Man-at-Arms
22:28 Double-Bit Axe
28:37 Scale Barding Armor
29:00 Town Watch
29:50 Wheelbarrow
29:51 Horse Collar
35:58 Imperial Age
33:53 Heavy Plow
34:44 Gold Mining
36:33 Chain Barding Armor
36:25 Forging
37:54 Conscription
37:41 Husbandry
40:18 Bow Saw
39:35 Elite Boyar
43:52 Iron Casting
巨大的问号
3:46 Loom
13:56 Feudal Age
15:16 Double-Bit Axe
19:13 Stone Mining
21:55 Fletching
31:56 Castle Age
31:22 Gold Mining
31:15 Horse Collar
33:17 Bow Saw
33:12 Heavy Plow
38:46 Coinage
39:17 Wheelbarrow
Reis
7:33 Loom
13:30 Feudal Age
18:01 Castle Age
23:44 Fletching
27:25 Double-Bit Axe
29:08 Scale Barding Armor
30:32 Bow Saw
32:39 Wheelbarrow
33:17 Bodkin Arrow
35:47 Horse Collar
38:22 Hand Cart
44:15 Imperial Age
y3imy3
4:58 Loom
12:02 Feudal Age
17:30 Castle Age
16:37 Double-Bit Axe
18:12 Horse Collar
21:48 Man-at-Arms
23:03 Scale Mail Armor
24:00 Long Swordsman
24:49 Arson
25:05 Squires
27:20 Chain Mail Armor
32:56 Town Watch
33:50 Wheelbarrow
34:34 Forging
36:05 Iron Casting
36:42 Pikeman
38:44 Bow Saw
45:07 Imperial Age
amigopool
5:47 Loom
14:28 Feudal Age
18:18 Castle Age
16:57 Double-Bit Axe
17:38 Fletching
17:48 Padded Archer Armor
19:13 Bow Saw
18:25 Crossbowman
22:25 Horse Collar
25:51 Heavy Plow
26:21 Gold Mining
27:46 Bodkin Arrow
29:05 Wheelbarrow
29:46 Ballistics
31:35 Gold Shaft Mining
30:48 Town Watch
31:19 Hand Cart
31:37 Stone Mining
31:49 Pikeman
32:30 Squires
32:42 Forging
32:33 Scale Mail Armor
34:03 Thumb Ring
34:22 Sanctity
39:38 Town Watch
44:33 Imperial Age
weber
5:02 Loom
12:56 Feudal Age
12:59 Man-at-Arms
19:52 Fletching
22:37 Castle Age
22:45 Double-Bit Axe
31:49 Horse Collar
34:57 Town Watch
36:21 Wheelbarrow
Connection lost

Rejoining the realm…

Still unreachable

The connection could not be restored.

Session expired

The server has moved on; the page needs a fresh start.